 Dungeon Crawl Stone Soup version 0.32-a0-656-g3542139ebd (webtiles) character file.

Game seed: 7625178479945369397

110 Fodor the Chopper (level 4, -2/37 HPs)
             Began as a Mountain Dwarf Reaver on Mar 8, 2024.
             Slain by a gnoll
             ... wielding a +0 halberd
              (12 damage)
             ... on level 3 of the Dungeon.
             The game lasted 00:08:09 (2030 turns).

Fodor the Chopper (Mountain Dwarf Reaver)           Turns: 2030, Time: 00:08:09

Health: -2/37      AC:  8    Str: 17    XL:     4   Next: 61%
Magic:  6/6        EV:  7    Int: 13    God:
Gold:   183        SH:  0    Dex:  8    Spells: 5/6 levels left

rFire   . . .        k - +2 spear (freeze)
rCold   . . .        (no shield)
rNeg    . . .        f - +0 chain mail
rPois   .            (no helmet)
rElec   .            (no cloak)
rCorr   .            (no gloves)
SInv    .            (no boots)
Will    .....        (no amulet) Stlth
                     (no ring)
HPRegen 0.26/turn    (no ring)
MPRegen 0.10/turn

%: no passive effects
@: no status effects
A: runic magic, artefact enchanting
a: no special abilities


You were on level 3 of the Dungeon.
You visited 1 branch of the dungeon, and saw 3 of its levels.

You collected 183 gold pieces.

Inventory:

Hand Weapons
 a - a +0 hand axe
 k - a +2 spear of freezing (weapon)
 m - a +0 great mace
Armour
 f - a +0 chain mail (worn)
Scrolls
 b - a scroll of brand weapon {unknown}
 c - 2 scrolls of teleportation {unknown}
 e - 3 scrolls of vulnerability {unknown}
 g - a scroll of immolation {unknown}
 i - 3 scrolls of identify {unknown}
 j - a scroll of revelation {unknown}
 l - a scroll of poison {unknown}
Potions
 d - 2 potions of might {unknown}
 h - a potion of ambrosia {unknown}


   Skills:
 + Level 2.8 Fighting
 + Level 5.0(5.1) Axes
 + Level 0.1(2.5) Polearms
 + Level 1.7 Armour
 + Level 1.8 Dodging
 + Level 0.1 Stealth
 + Level 1.9 Spellcasting
 + Level 2.9 Conjurations


You had 5 spell levels left.
You knew the following spells:

 Your Spells              Type           Power      Damage    Failure   Level
a - Kiss of Death         Conj/Necr      20%        2d7       26%         1

Your spell library contained the following spells:

 Spells                   Type           Power      Damage    Failure   Level
 Momentum Strike          Conj/Tloc      10%        3d8       36%         2
 Hailstorm                Conj/Ice       5%         3d5       58%         3
 Call Canine Familiar     Summ           1%         N/A       80%         3
 Sigil of Binding         Hex            1%         N/A       80%         3
 Anguish                  Hex/Necr       0%         N/A       99%         4
 Cause Fear               Hex            0%         N/A       99%         4
 Dimensional Bullseye     Hex/Tloc       0%         N/A       99%         4
 Enfeeble                 Hex            0%         N/A       100%        7


Dungeon Overview and Level Annotations

Branches:
Dungeon (3/15)

Altars:

Annotations:
D:3 1 runed translucent door


Innate Abilities, Weirdness & Mutations

Your spellcasting is much less encumbered by armour.
You can use scrolls of enchantment on lesser artefacts.


Message History

m - a +0 great mace A gnoll is nearby!
You open the door.
There is an open door here.
You hit the gnoll but do no damage. The gnoll hits you with a +0 whip.
You hit the gnoll. You freeze the gnoll.
The gnoll is heavily wounded.
The gnoll hits you but does no damage.
You hit the gnoll. You freeze the gnoll.
You kill the gnoll!
The gnoll hits you with a +0 spear.
There is an open door here.
You see here a +0 whip.
The gnoll shouts!
The gnoll hits you but does no damage.
You barely miss the gnoll. The gnoll hits you with a +0 spear.
You hit the gnoll. You freeze the gnoll.
The gnoll is lightly wounded.
The gnoll hits you with a +0 spear.
You hit the gnoll. You freeze the gnoll.
The gnoll is moderately wounded.
The gnoll hits you with a +0 spear. The gnoll hits you but does no damage.
You hit the gnoll. You freeze the gnoll.
The gnoll is almost dead.
The gnoll barely misses you. x2
You hit the gnoll. You freeze the gnoll.
You kill the gnoll!
The gnoll barely misses you. The gnoll hits you with a +0 halberd!
Things that are here:
a +0 spear; a gnoll corpse The gnoll hits you with a +0 halberd.
You hit the gnoll. You freeze the gnoll.
The gnoll is moderately wounded.
The gnoll hits you with a +0 halberd.
* * * LOW HITPOINT WARNING * * *
You hit the gnoll. You freeze the gnoll.
The gnoll is heavily wounded.
The gnoll hits you with a +0 halberd!
You die...

+#...#..#..
..........#
..........# >.
+.!......# #.#
#........# #.#
#........+ #.#
#........# ##### #.#
#........+ ....#
#.###....)@..###
###.#
#.........g....# #.#
#.....##)#.....#
#.###.....##.#.#...#
#.........##+#.#...#
######..........<....
#.............[..
####.................
#..'.[.......#.g#..#?


You could see a gnoll.

Vanquished Creatures
  4 adders
  2 gnolls (D:3)
  2 ribbon worms (D:2)
  3 dart slugs
  3 endoplasms
  4 goblins
  7 jackals (D:1)
  A quokka (D:1)
  3 ball pythons (D:1)
  9 bats
  A frilled lizard (D:2)
  3 kobolds (D:2)
  6 rats
48 creatures vanquished.

Notes
Turn   | Place    | Note
-------+----------+-------------------------------------------
     0 | D:1      | Fodor the Mountain Dwarf Reaver began the quest for the
                  | Orb.
     0 | D:1      | Reached XP level 1. HP: 17/17 MP: 3/3
   320 | D:1      | Reached XP level 2. HP: 24/24 MP: 4/4
   333 | D:1      | Reached skill level 4 in Axes
   786 | D:1      | Found a faded altar of an unknown god.
  1328 | D:2      | Reached XP level 3. HP: 26/26 MP: 5/5
  1364 | D:2      | Reached skill level 1 in Armour
  1531 | D:2      | Reached XP level 4. HP: 37/37 MP: 6/6
  1909 | D:3      | Reached skill level 5 in Axes
  2003 | D:3      | Found a runed translucent door.
  2030 | D:3      | Slain by a gnoll

Illustrated notes

Levels and vault maps discovered:
D:1:      denvon_arrival_planthouse, layout_basic, basic_ecumenical_altar
D:2:      layout_basic, minmay_hexomino_c4
D:3:      layout_basic, hellmonk_ghost_happy_afterlife,
          minmay_misc_feat_diagonals, serial_bayou_pond_c

Skill      XL: |  1  2  3  4 |
---------------+-------------+-----
Axes           | 4 5 |  5.0
Armour         | 1 |  1.7
Fighting       | |  2.8
Polearms       | |  0.1
Dodging        | |  1.8
Stealth        | |  0.1
Spellcasting   | |  1.9
Conjurations   | |  2.9

Action                     |  1- 3 |  4- 6 || total
---------------------------+-------+-------++-------
  Melee: Hand axe          |   129 |       ||   129
         Spear             |    10 |    26 ||    36
   Cast: Kiss of Death     |     1 |       ||     1
    Use: Scroll            |     1 |       ||     1
         Potion            |     2 |       ||     2
 Armour: Leather armour    |    32 |       ||    32
         Ring mail         |    27 |       ||    27
         Chain mail        |    64 |    27 ||    91
         Skin              |    36 |       ||    36
  Dodge: Dodged            |    67 |     7 ||    74

Table legend: (Time is in decaauts)
 A = Elapsed time spent in this place.
 B = Non-inter-level travel time spent in this place.
 C = Inter-level travel time spent in this place.
 D = Time resting spent in this place.
 E = Time spent auto-exploring this place.
 F = Levels seen in this place.
 G = Mean time per level.
                   A        B        C        D        E       F      G
               +--------+--------+--------+--------+--------+-----+--------+
         Total |   2040 |   1998 |     42 |    234 |   1197 |   3 |  680.0 |
       Dungeon |   2040 |   1998 |     42 |    234 |   1197 |   3 |  680.0 |
               +--------+--------+--------+--------+--------+-----+--------+

Top non-repeatable levels by time:
     D:1: 1122 daAuts
     D:2: 764 daAuts
     D:3: 153 daAuts
